 Dungeon Crawl Stone Soup version 0.29.1-15-g9cfb28693d (webtiles) character file.

Game seed: 7552793167289679250

2748 Descartes the Shield-Bearer (level 10, -6/70 (74) HPs)
             Began as a Formicid Fighter on Apr 10, 2023.
             Was an Initiate of Gozag.
             Mangled by EarthwalkerPL's ghost (10 damage)
             ... on level 6 of the Dungeon.
             The game lasted 00:16:18 (7914 turns).

Descartes the Shield-Bearer (Formicid Fighter)      Turns: 7914, Time: 00:16:19

HP:   -6/70 (74)    AC: 18    Str: 25    XL:     10   Next: 0%
MP:   17/17         EV:  7    Int:  8    God:    Gozag
Gold: 946           SH:  6    Dex: 13    Spells: 13/18 levels left

rFire   . . .      SeeInvis +   C - +0 war axe (vorpal)
rCold   . . .      Faith    .   c - +0 buckler
rNeg    . . .      Spirit   .   y - +0 plate armour
rPois   .          Reflect  .   (helmet unavailable)
rElec   .          Harm     .   (no cloak)
rCorr   .          Rampage  .   (no gloves)
Will    +....                   l - +0 pair of boots
Stlth   ..........              m - amulet of the acrobat
HPRegen 0.21/turn               x - +4 ring of protection
MPRegen 0.15/turn               (no ring)

@: drained
A: permanent stasis, dig shafts and tunnels, antennae 3, four strong arms
a: Dig, Shaft Self, Renounce Religion, Potion Petition, Call Merchant, Bribe
Branch


You were on level 6 of the Dungeon.
You worshipped Gozag.
Gozag was pleased with you.
You visited 2 branches of the dungeon, and saw 7 of its levels.
You also visited: Ossuary.

You collected 1333 gold pieces.
You spent 140 gold pieces at shops.
You paid 247 gold pieces to Gozag.

Inventory:

Hand Weapons
 a - a +0 war axe
 C - a +0 vorpal war axe (weapon)
Missiles
 b - a throwing net
 d - 26 poisoned darts
 z - a curare-tipped dart
Armour
 c - a +0 buckler (worn)
 l - a +0 pair of boots (worn)
 y - a +0 plate armour (worn)
Jewellery
 m - an amulet of the acrobat (around neck)
 x - a +4 ring of protection (left hand)
 B - a ring of ice
Wands
 k - a wand of roots (7)
 t - a wand of quicksilver (6)
Scrolls
 h - 3 scrolls of magic mapping {unknown}
 i - 7 scrolls of identify {unknown}
 o - a scroll of blinking {unknown}
 p - 4 scrolls of teleportation {unknown}
 q - a scroll of fog {unknown}
 r - 3 scrolls of fear {unknown}
 s - a scroll of summoning {unknown}
 w - a scroll of brand weapon {unknown}
 E - a scroll of enchant weapon {unknown}
Potions
 e - 4 potions of curing
 f - a potion of haste {unknown}
 g - 3 potions of lignification
 j - a potion of brilliance
 n - 2 potions of mutation {unknown}
 u - 2 potions of heal wounds {unknown}
 v - 6 potions of flight
 A - 2 potions of ambrosia
 D - 2 potions of resistance {unknown}


   Skills:
 - Level 5.0 Fighting
 + Level 5.4 Axes
 + Level 6.5 Armour
 + Level 7.9 Shields
 + Level 4.8 Spellcasting
 + Level 6.1 Earth Magic
 - Level 5.0 Evocations


You had 13 spell levels left.
You knew the following spells:

 Your Spells              Type           Power      Damage    Failure   Level
a - Lee's Rapid Deconstr  Erth           5%         3d7*      100%        5

Your spell library contained the following spells:

 Spells                   Type           Power      Damage    Failure   Level
 Magic Dart               Conj           4%         1d3       99%         1
 Call Imp                 Summ           1%         N/A       99%         2
 Mephitic Cloud           Conj/Pois/Air  1%         N/A       100%        3
 Airstrike                Air            0%         2d(1-17)  100%        4
 Fulminant Prism          Conj/Hex       0%         3d6       100%        4
 Iskenderun's Mystic Bla  Conj/Tloc      1%         2d3       100%        4
 Summon Lightning Spire   Summ/Air       1%         N/A       100%        4
 Lightning Bolt           Conj/Air       0%         1d11      100%        5


Dungeon Overview and Level Annotations

Branches:
Dungeon (6/15)             Temple (1/1) D:4         Ossuary (visited)

Altars:
Ashenzari
Cheibriados
Dithmenos
Fedhas
Gozag
Nemelex Xobeh
Okawaru
Qazlal
Ru
Sif Muna
Trog
Uskayaw
Vehumet
Wu Jian
Xom
Zin
The Shining One

Shops:
D:4 !=

Annotations:
D:6 EarthwalkerPL's ghost, novice MiFi


Innate Abilities, Weirdness & Mutations

You cannot be hasted, slowed, berserked, paralysed or teleported.
You can dig through walls and to a lower floor.
You have a pair of large antennae on your head. (SInv)
Your four strong arms can wield two-handed weapons with a shield.


Message History

EarthwalkerPL's ghost lets out a mournful wail.
EarthwalkerPL's ghost hits you!
* * * LOW HITPOINT WARNING * * *
You slash EarthwalkerPL's ghost!
EarthwalkerPL's ghost is severely damaged.
EarthwalkerPL's ghost hits you but does no damage.
You hit EarthwalkerPL's ghost but do no damage.
EarthwalkerPL's ghost is severely damaged.
EarthwalkerPL's ghost hits you but does no damage.
You block EarthwalkerPL's ghost's attack.
You hit EarthwalkerPL's ghost but do no damage.
EarthwalkerPL's ghost is severely damaged.
You block EarthwalkerPL's ghost's attack.
You barely miss EarthwalkerPL's ghost.
EarthwalkerPL's ghost is severely damaged.
EarthwalkerPL's ghost hits you but does no damage.
You hit EarthwalkerPL's ghost but do no damage.
EarthwalkerPL's ghost is severely damaged.
EarthwalkerPL's ghost hits you but does no damage.
You hit EarthwalkerPL's ghost but do no damage.
EarthwalkerPL's ghost is severely damaged.
EarthwalkerPL's ghost hits you.
* * * LOW HITPOINT WARNING * * *
You barely miss EarthwalkerPL's ghost.
EarthwalkerPL's ghost is severely damaged.
EarthwalkerPL's ghost hits you!
* * * LOW HITPOINT WARNING * * *
EarthwalkerPL's ghost hits you but does no damage.
You closely miss EarthwalkerPL's ghost.
EarthwalkerPL's ghost is severely damaged.
EarthwalkerPL's ghost hits you but does no damage.
You hit EarthwalkerPL's ghost.
EarthwalkerPL's ghost is severely damaged.
EarthwalkerPL's ghost screams, "You must not succeed where I failed!"
You block EarthwalkerPL's ghost's attack.
You slash EarthwalkerPL's ghost!
EarthwalkerPL's ghost is severely damaged.
EarthwalkerPL's ghost hits you!
You die...
Your body crumbles into a pile of gold.

....(............#.....# #.......
..##...........#.#.....# #.......
..###..###.###>........# #.......
..# ##...#)# #####....[###.......
..######.#.## #....)......<...
...(........######..<..##.[......
..#####..........{[..............
..# #......#####.....###.......
..# #.......{#@###.### #.......
..# #.......ZW##########.......
### #####'''### #...##.........
#......?# #._.##.###.....
##.....## #...#..# ######
#.......###'''#.##
##.?)".##.#...#.#
#..#.#..#.'.#.'.#
#########.'.#.'.#


You could see EarthwalkerPL's ghost and a centaur zombie.

Vanquished Creatures
  The ghost of SharpKris the Shield-Bearer, a novice GnFi (D:5)
  A water moccasin (D:3)
  A sky beast (D:6)
  2 ogres (D:6)
  4 phantoms
  4 kobold brigands
  2 elf zombies (Ossuary)
  A bullfrog (D:6)
  A necrophage (D:6)
  2 scorpions
  3 wights (D:6)
  A howler monkey (D:5)
  2 centaur zombies
  A jelly (D:6)
  A centaur skeleton (D:6)
  3 hounds
  3 iguanas
  Natasha (D:3)
  3 orc wizards
  2 mummies (Ossuary)
  21 gnolls
  6 adders
  A white imp (D:5)
  An adder zombie (Ossuary)
  4 worms
  3 dart slugs
  10 orcs
  4 bats
  6 endoplasms
  5 goblins
  12 hobgoblins
  3 jackals (D:1)
  3 quokkas
  11 ball pythons
  3 frilled lizards
  3 goblin zombies (Ossuary)
  8 hobgoblin zombies (Ossuary)
  A jackal zombie (Ossuary)
  29 kobolds
  13 kobold zombies (Ossuary)
  7 orc zombies (Ossuary)
  2 rats (D:3)
  A rat zombie (Ossuary)
196 creatures vanquished.

Vanquished Creatures (others)
  2 plants (D:4)
2 creatures vanquished.

Grand Total: 198 creatures vanquished

Notes
Turn   | Place    | Note
-------+----------+-------------------------------------------
     0 | D:1      | Descartes the Formicid Fighter began the quest for the Orb.
     0 | D:1      | Reached XP level 1. HP: 18/18 MP: 1/1
   222 | D:1      | Reached XP level 2. HP: 23/24 MP: 2/2
   247 | D:1      | Found a faded altar of an unknown god.
   437 | D:1      | Reached XP level 3. HP: 17/29 MP: 3/3
   576 | D:1      | Reached skill level 1 in Earth Magic
   576 | D:1      | Reached skill level 1 in Evocations
   907 | D:2      | Reached skill level 1 in Spellcasting
  1031 | D:2      | Reached XP level 4. HP: 36/36 MP: 5/5
  1728 | D:3      | Noticed a water moccasin
  1744 | D:3      | Killed a water moccasin
  1745 | D:3      | Reached XP level 5. HP: 42/42 MP: 5/7
  2113 | D:3      | Reached XP level 6. HP: 24/48 MP: 8/8
  2562 | D:3      | Noticed Natasha
  2568 | D:3      | Killed Natasha
  3180 | D:4      | Found a staircase to the Ecumenical Temple.
  3190 | Temple   | Entered the Ecumenical Temple
  3374 | Temple   | Became a worshipper of Gozag Ym Sagoz the Greedy
  3428 | D:4      | Reached skill level 5 in Shields
  3428 | D:4      | Reached XP level 7. HP: 31/54 MP: 8/10
  3599 | D:4      | Found Bysu's Jewellery Shoppe.
  3629 | D:4      | Found Fuigog's Distillery.
  3769 | D:4      | Bought 2 potions of curing for 84 gold pieces
  3769 | D:4      | Bought a potion of flight for 42 gold pieces
  3769 | D:4      | Bought a potion of degeneration for 14 gold pieces
  3793 | D:4      | Found a shadowy altar of Dithmenos.
  4837 | D:4      | Reached XP level 8. HP: 38/61 MP: 10/12
  5316 | D:5      | Entered Level 5 of the Dungeon
  5369 | D:5      | Reached skill level 5 in Fighting
  5369 | D:5      | Reached skill level 5 in Armour
  5383 | D:5      | Reached skill level 6 in Shields
  5826 | D:5      | Learned a level 5 spell: Lee's Rapid Deconstruction
  6080 | D:5      | Found a runed translucent door.
  6084 | D:5      | Noticed SharpKris's ghost (novice GnFi)
  6125 | D:5      | Killed SharpKris's ghost
  6126 | D:5      | Reached XP level 9. HP: 20/68 MP: 14/14
  6516 | D:6      | Reached skill level 5 in Earth Magic
  6548 | D:6      | Reached skill level 7 in Shields
  6973 | D:6      | Reached skill level 5 in Evocations
  7033 | D:6      | Found a hide-covered altar of Uskayaw.
  7041 | D:6      | Reached skill level 5 in Axes
  7054 | D:6      | Found a sand-covered staircase.
  7054 | D:6      | Noticed a +0 dagger
  7054 | D:6      | Noticed a +0 hand axe
  7063 | Ossuary  | Entered an ossuary
  7721 | D:6      | Found a runed translucent gate.
  7721 | D:6      | Found a runed translucent gate.
  7721 | D:6      | Found a runed translucent gate.
  7723 | D:6      | Noticed a spectral unseen horror
  7839 | D:6      | Found a shimmering blue altar of Sif Muna.
  7846 | D:6      | Found a snail-covered altar of Cheibriados.
  7873 | D:6      | Noticed EarthwalkerPL's ghost (novice MiFi)
  7891 | D:6      | Reached XP level 10. HP: 66/70 MP: 17/17
  7911 | D:6      | HP: 3/70 [EarthwalkerPL's ghost (10)]
  7914 | D:6      | Mangled by EarthwalkerPL's ghost

Illustrated notes

Levels and vault maps discovered:
D:1:      elethiomel_arrival_infinity_welcomes_careful_drivers, layout_basic,
          hellmonk_ecumenical_altar_dog_temple
D:2:      layout_basic
D:3:      layout_basic, uniq_natasha
D:4:      minmay_goblin_kobold_castle, layout_rooms,
          mainiacjoe_overflow_concentric_impassable,
          minmay_temple_entry_overgrown, serial_shops, nicolae_take_the_stairs,
          minmay_shop_grid_forest, skrybe_limestone_x, minmay_misc_feat_pillars,
          st_stairs_5, chequers_serial_rivers_micro_b, moated_statue,
          hangedman_glass_teeth
D:5:      layout_rooms, ebering_ghost_sewer_d, minmay_quadrilaterals
D:6:      layout_rooms, mainiacjoe_overflow_big_doors, dancing_weapons_uskayaw,
          gammafunk_ghost_necromancy, nicolae_ossuary_entry_monument,
          serial_bayou_crossing
Temple:   compressed_dpeg_triangle_lava_temple

Skill      XL: |  1  2  3  4  5  6  7  8  9 |
---------------+----------------------------+-----
Earth Magic    | 1 2 3 4 6 |  6.1
Evocations     | 1 2 3 4 5 |  5.0
Spellcasting   | 1 2 3 4 |  4.8
Fighting       | 4 5 |  5.0
Armour         | 4 5 6 |  6.5
Axes           | 3 4 5 |  5.4
Shields        | 5 6 7 |  7.9

Action                   |  1- 3 |  4- 6 |  7- 9 | 10-12 || total
-------------------------+-------+-------+-------+-------++-------
Melee: War axe           |    52 |   113 |   411 |    24 ||   600
Invok: Potion Petition   |       |       |     1 |       ||     1
 Abil: Dig               |       |       |     1 |       ||     1
  Use: Potion            |       |     4 |     4 |       ||     8
 Stab: Distracted        |       |       |     5 |       ||     5
Armor: Scale mail        |    20 |    70 |    93 |       ||   183
       Skin              |       |    13 |       |       ||    13
       Plate armour      |       |       |   188 |    11 ||   199
Dodge: Dodged            |    34 |    74 |   156 |     2 ||   266
Block: Buckler           |    13 |    43 |   132 |     6 ||   194
